Map: Dusty Gorge

Players

PureLegacy - Winner!

  • Race: Terran Terran
  • Spawn Location: 5:00

wasted - Winner!

  • Race: Zerg Zerg
  • League: Diamond
  • Spawn Location: 3:00

KoB

  • Race: Protoss Protoss
  • Spawn Location: 9:00

KingsterD

  • Race: Terran Terran
  • League: Diamond
  • Spawn Location: 11:00

VOD

Have the link to the VOD?

Description

Time

  • Played on: Dec. 3, 2018, 9:51 a.m.
  • Length: 16:07
Show
View Real Time Build Order
Export as new Build Order

PureLegacy Terran - Winner!

Build Orders: Gas First Reaper Expand 

Get SALT Encoding   

  12  0:02  SCV  
  13  0:14  SCV  
  13  0:19  Supply Depot  
  14  0:26  SCV  
  15  0:30  Refinery  
  15  0:41  SCV  
  16  0:48  Barracks  
  16  0:53  SCV  
  17  1:05  SCV  
  18  1:17  SCV  
  19  1:35  Reaper, Orbital Command  
  20  1:46  Command Center  
  20  1:57  Factory  
  20  2:02  SCV  
  21  2:11  Barracks Reactor  
  21  2:13  Supply Depot  
  21  2:14  SCV  
  22  2:20  Refinery  
  22  2:26  SCV  
  23  2:38  SCV  
  23  2:43  Widow Mine  
  26  2:47  Marine  
  26  2:48  Marine  
  28  2:51  Starport  
  28  2:54  SCV  
  29  3:07  Orbital Command  
  29  3:08  SCV  
  29  3:10  Factory Tech Lab, Marine x2  
  31  3:21  SCV  
  32  3:29  Siege Tank  
  32  3:32  Marine x2  
  32  3:33  Supply Depot  
  37  3:35  SCV x2  
  37  3:39  Medivac  
  41  3:47  SCV x2  
  43  3:55  Supply Depot  
  43  3:56  Marine x2  
  43  3:59  SCV x2  
  43  4:01  Siege Tank  
  50  4:13  SCV x2  
  50  4:14  Marine x2  
  54  4:18  Medivac  
  54  4:19  Supply Depot  
  56  4:27  SCV x2  
  58  4:35  Command Center  
  58  4:39  SCV x2  
  58  4:42  Siege Tank  
  63  4:46  Supply Depot  
  63  4:54  SCV x2  
  65  5:00  Starport Reactor  
  65  5:02  Barracks  
  65  5:03  Barracks  
  65  5:06  SCV x2  
  67  5:08  Supply Depot  
  67  5:23  Marine x2, Siege Tank  
  67  5:25  SCV  
  67  5:26  SCV  
  67  5:27  Refinery, Supply Depot  
  74  5:28  Refinery  
  74  5:38  Engineering Bay x2  
  71  5:46  Starport Reactor  
  63  5:53  SCV x2  
  63  5:55  Marine x2  
  63  5:57  Barracks Tech Lab, Orbital Command  
  66  6:02  Barracks  
  66  6:04  Barracks  
  66  6:07  Terran Infantry Armor Level 1, Terran Infantry Weapons Level 1  
  66  6:09  Marine  
  66  6:10  Marine  
  68  6:15  Marine x3  
  68  6:17  Stimpack  
  71  6:21  SCV x2  
  73  6:29  Marine x2  
  73  6:30  Orbital Command  
  73  6:32  Medivac x2  
  79  6:33  SCV x2  
  79  6:34  Supply Depot  
  79  6:36  Marine x2  
  83  6:44  Marine  
  83  6:45  SCV x2, Siege Tank  
  89  6:52  Barracks Reactor x2  
  89  6:55  Supply Depot x2  
  89  6:57  SCV x2  
  89  6:58  Marine x4  
  89  7:00  SCV  
  96  7:02  Marine  
  97  7:09  SCV x2  
  97  7:11  Armory  
  97  7:13  Refinery, SCV  
  97  7:15  Refinery  
  100  7:17  Factory, Supply Depot  
  100  7:21  SCV  
  100  7:22  SCV  
  102  7:25  SCV  
  102  7:26  Sensor Tower  
  102  7:27  Marine x5  
  108  7:41  Marine  
  108  7:42  Marine x3  
  111  7:45  Marine x2  
  111  7:50  Supply Depot, SCV x2  
  111  7:51  Barracks  
  115  7:52  Barracks  
  115  7:55  Marine x2  
  117  8:05  Terran Infantry Weapons Level 2, Terran Infantry Armor Level 2  
  117  8:06  Terran Vehicle Weapons Level 1  
  117  8:08  SCV x2  
  117  8:12  Supply Depot, SCV  
  120  8:13  Marine x2  
  120  8:14  Supply Depot  
  120  8:15  Factory Tech Lab, Siege Tank  
  120  8:18  Combat Shield  
  125  8:25  SCV  
  128  8:29  Supply Depot  
  128  8:33  Siege Tank  
  115  8:42  SCV x3  
  115  8:45  Medivac  
  115  8:46  Medivac  
  115  8:47  Siege Tank  
  125  8:49  Supply Depot  
  125  8:53  Barracks Reactor x2  
  125  8:54  SCV  
  126  8:58  SCV  
  126  9:01  Command Center  
  127  9:03  Supply Depot  
  127  9:06  Marine x6  
  127  9:07  Marine x2  
  133  9:22  Marine  
  133  9:24  Marine x4  
  133  9:29  Marine x4  
  133  9:30  Marine  
  140  9:34  Marine x3  
  140  9:35  Siege Tank x2  
  139  9:39  Marine  
  139  9:44  Marine x3  
  142  9:54  Supply Depot  
  142  9:56  Factory, Marine x6  
  142  9:57  Marine x3  
  142  9:59  Medivac x2, Supply Depot  
  155  10:02  Terran Vehicle Weapons Level 2  
  155  10:07  Siege Tank x2  
  155  10:12  Marine x2  
  163  10:15  Marine x2  
  162  10:24  Terran Infantry Weapons Level 3, Terran Infantry Armor Level 3  
  162  10:25  Marine x2  
  162  10:26  Marine x2  
  162  10:27  Marine x2  
  168  10:31  Marine x2  
  168  10:32  Marine x2  
  168  10:37  Marine  
  168  10:38  Marine x2  
  156  10:48  Marine x5  
  150  10:54  Marine x2  
  150  10:55  Marine  
  153  11:02  Marine x2  
  153  11:03  Marine x2  
  157  11:05  Marine  
  157  11:06  Marine x2, Siege Tank x2  
  157  11:09  Factory Tech Lab  
  166  11:13  Planetary Fortress  
  166  11:22  Marine x7  
  166  11:23  Marine x4  
  177  11:29  Siege Tank  
  170  11:33  Refinery  
  170  11:34  Refinery  
  164  11:45  Marine  
  164  11:46  Marine x4  
  111  11:55  Siege Tank x2  
  111  11:56  Medivac x2, Marine  
  111  11:57  Marine x3  
  111  11:59  Marine x2  
  119  12:12  Marine x2, Siege Tank  
  119  12:13  Marine x5  
  119  12:14  Marine  
  119  12:15  Marine  
  131  12:16  Marine x2  
  131  12:17  Marine  
  134  12:23  Marine  
  134  12:26  Medivac x2  
  134  12:27  Siege Tank  
  146  12:34  Marine x9  
  146  12:36  Siege Tank  
  154  12:44  Siege Tank  
  157  12:45  Terran Vehicle Weapons Level 3  
  157  12:47  Marine x2  
  157  12:48  Marine  
  157  12:49  Marine  
  161  12:52  Marine x2  
  147  13:03  Marine x3  
  147  13:04  Marine x4  
  138  13:08  Medivac x2  
  138  13:12  Fusion Core, Marine x3  
  142  13:14  Siege Tank  
  142  13:15  Starport, Siege Tank  
  142  13:16  Starport  
  149  13:23  Siege Tank  
  152  13:29  Liberator x2  
  152  13:32  Marine x2  
  152  13:33  Marine x8  
  162  13:47  Siege Tank  
  171  13:54  Marine  
  171  13:55  Marine x8  
  180  13:57  Starport Reactor  
  180  13:58  Starport Tech Lab  
  180  14:12  Liberator x2  
  180  14:13  Liberator  
  162  14:17  Marine x3  
  165  14:30  Advanced Ballistics  
  172  14:33  Medivac x2  
  172  14:38  Siege Tank x2  
  179  14:55  Liberator x2  
  179  15:01  Command Center  
  179  15:04  Siege Tank  
  182  15:10  Siege Tank x2  
  182  15:20  Marine x3  
  160  15:21  Marine x3  
  160  15:27  Marine x3  
  160  15:28  Marine  
  168  15:39  Marine  
  168  15:41  Marine  
  168  15:42  Marine x5  
  155  15:47  Marine x3  
  155  15:48  Marine x3  
Show
View Real Time Build Order
Export as new Build Order

wasted Zerg - Winner!

Build Orders: Hatch First, Swarm Host 

Get SALT Encoding   

  12  0:01  Drone  
  13  0:12  Overlord  
  13  0:20  Drone  
  14  0:33  Drone x2  
  16  0:37  Drone  
  17  0:56  Hatchery  
  16  1:01  Drone  
  16  1:03  Drone  
  18  1:05  Extractor  
  18  1:07  Drone  
  18  1:24  Spawning Pool  
  17  1:31  Drone x2  
  19  1:46  Drone  
  20  2:03  Drone  
  20  2:04  Drone  
  22  2:12  Queen x2  
  22  2:14  Overlord  
  26  2:16  Metabolic Boost  
  26  2:19  Zergling x2  
  27  2:24  Zergling x2  
  28  2:34  Drone x2  
  28  2:35  Drone  
  31  2:50  Baneling Nest  
  30  2:59  Drone x3  
  30  3:00  Overlord  
  33  3:19  Drone x4  
  37  3:30  Zergling x4  
  37  3:31  Zergling x6  
  42  3:44  Overlord x3  
  42  3:45  Hatchery  
  41  3:54  Queen  
  43  4:02  Queen  
  44  4:16  Drone x8  
  44  4:17  Drone x2  
  54  4:19  Extractor x2  
  52  4:51  Lair  
  52  4:52  Pneumatized Carapace  
  52  4:55  Drone  
  52  4:56  Drone x2  
  57  5:09  Extractor  
  57  5:13  Roach Warren  
  55  5:30  Zergling x2  
  55  5:31  Zergling x30  
  63  6:27  Hatchery  
  62  6:37  Baneling x4  
  62  6:38  Baneling x2  
  55  6:59  Drone  
  55  7:00  Drone x11  
  63  7:10  Queen  
  58  7:17  Roach  
  58  7:18  Roach x4  
  58  7:19  Glial Reconstitution  
  58  7:21  Overlord  
  68  7:28  Overlord  
  68  7:42  Centrifical Hooks, Infestation Pit  
  67  7:45  Roach x2  
  67  7:46  Overlord x6  
  67  7:50  Overseer  
  71  8:02  Drone x4  
  75  8:22  Extractor x2  
  75  8:25  Hive, Spire  
  72  8:27  Swarm Host x10  
  72  8:28  Swarm Host  
  105  8:42  Drone x6  
  105  8:43  Evolution Chamber  
  105  8:44  Evolution Chamber  
  109  9:10  Zerg Missile Weapons Level 1, Zerg Ground Armor Level 1  
  109  9:26  Hatchery  
  108  9:43  Swarm Host x2  
  108  9:44  Swarm Host x2, Viper  
  108  9:45  Viper x3  
  129  9:52  Zergling x12  
  138  9:57  Overlord  
  138  9:58  Overlord x7  
  112  10:55  Zergling x2  
  112  10:56  Zergling x26  
  119  11:11  Zerg Ground Armor Level 2, Zerg Missile Weapons Level 2  
  112  11:37  Roach  
  112  11:38  Roach x6  
  123  11:45  Mutalisk x9  
  123  11:46  Mutalisk x3, Infestation Pit  
  135  13:07  Ravager  
  135  13:08  Ravager x6  
  142  13:14  Drone x10  
  142  13:15  Drone x9  
  161  13:20  Hatchery  
  161  13:21  Extractor  
  159  13:28  Drone  
  159  13:29  Drone x2  
  162  13:50  Hatchery  
  120  14:15  Hatchery, Extractor  
  118  14:19  Extractor  
  118  14:21  Burrow, Swarm Host x13, Extractor  
  155  14:26  Extractor  
  155  14:29  Overlord  
  154  14:44  Spawning Pool  
  153  15:03  Hatchery  
Show
View Real Time Build Order
Export as new Build Order

KoB Protoss 

Build Orders:  

Get SALT Encoding   

  12  0:01  Probe  
  13  0:13  Probe  
  14  0:19  Pylon  
  14  0:25  Probe  
  15  0:35  Probe  
  15  0:40  Gateway  
  16  0:43  Probe  
  17  0:52  Probe  
  17  0:53  Assimilator  
  18  1:00  Assimilator  
  18  1:04  Probe  
  19  1:16  Probe  
  20  1:22  Pylon  
  20  1:28  Probe  
  20  1:32  Cybernetics Core  
  21  1:40  Probe  
  22  1:53  Probe  
  23  1:59  Stalker  
  25  2:18  Nexus  
  25  2:21  Warp Gate  
  25  2:23  Probe  
  25  2:29  Sentry  
  27  2:42  Robotics Facility  
  27  2:45  Probe  
  28  2:55  Adept  
  30  3:03  Probe  
  30  3:04  Pylon  
  31  3:18  Gateway  
  31  3:22  Probe  
  31  3:25  Gateway  
  32  3:30  Probe  
  32  3:31  Probe  
  32  3:32  Observer  
  34  3:38  Probe  
  36  3:50  Probe  
  36  3:53  Immortal, Probe  
  42  4:02  Probe  
  43  4:07  Probe  
  43  4:08  Twilight Council  
  44  4:10  Probe  
  44  4:15  Probe  
  45  4:18  Probe  
  45  4:22  Forge  
  47  4:25  Adept  
  47  4:27  Probe  
  47  4:28  Probe  
  51  4:36  Observer  
  52  4:38  Adept  
  52  4:43  Pylon  
  52  4:45  Assimilator  
  54  4:46  Protoss Ground Weapons Level 1  
  54  4:47  Assimilator  
  54  4:49  Pylon  
  54  4:57  Photon Cannon, Resonating Glaives  
  54  4:59  Shield Battery  
  54  5:09  Probe  
  54  5:12  Probe  
  56  5:18  Immortal  
  56  5:22  Adept x3  
  64  5:47  Probe x2  
  52  5:58  Observer  
  52  5:59  Probe  
  52  6:00  Probe  
  52  6:03  Adept x3  
  60  6:11  Probe  
  60  6:12  Probe  
  60  6:16  Nexus  
  62  6:24  Probe x2, Protoss Ground Armor Level 1, Sentry x2  
  68  6:36  Probe x2  
  70  6:44  Pylon  
  70  6:46  Pylon  
  70  6:49  Robotics Bay  
  70  6:50  Pylon  
  70  6:52  Pylon  
  70  7:07  Pylon  
  70  7:09  Photon Cannon, Charge  
  70  7:11  Shield Battery  
  70  7:17  Stalker x2  
  74  7:25  Gateway  
  74  7:26  Gateway  
  74  7:30  Probe  
  74  7:32  Probe x2  
  77  7:41  Adept x3  
  83  7:45  Immortal  
  81  7:56  Extended Thermal Lance  
  80  8:12  Protoss Ground Weapons Level 2  
  80  8:14  Nexus  
  80  8:17  Probe x2  
  82  8:20  Pylon  
  82  8:21  Colossus  
  88  8:29  Probe  
  88  8:30  Zealot  
  88  8:31  Zealot  
  88  8:33  Adept  
  95  8:35  Observer  
  95  8:46  Probe x2  
  97  8:58  Probe x2  
  97  9:00  Pylon  
  99  9:04  Pylon  
  99  9:05  Zealot x2  
  99  9:08  Templar Archives  
  103  9:10  Probe  
  103  9:16  Zealot x2  
  80  9:42  Stalker x4  
  80  9:44  Pylon  
  80  9:45  Observer  
  89  9:47  Probe x2  
  90  9:58  Gateway  
  90  10:04  Gateway, Probe x3  
  90  10:05  Gateway  
  92  10:10  Zealot x3  
  97  10:27  Zealot  
  99  10:37  Zealot x3  
  99  10:42  Psionic Storm  
  103  10:44  Observer  
  103  10:51  Colossus  
  103  10:53  Probe x2  
  103  10:56  Assimilator  
  111  10:59  Assimilator  
  111  11:01  High Templar  
  111  11:02  High Templar x3  
  119  11:04  Pylon  
  119  11:07  Protoss Ground Weapons Level 3  
  119  11:11  Pylon  
  119  11:23  Zealot x2  
  123  11:28  Probe x2  
  125  11:39  Cybernetics Core  
  125  11:40  Zealot x4  
  125  11:41  Zealot  
  125  11:47  Immortal  
  125  11:52  Probe x2  
  123  12:24  Observer  
  123  12:25  Stalker x2  
  123  12:26  Stalker x3  
  133  12:32  Probe  
  133  12:33  Probe x2  
  134  12:41  Nexus, Zealot x2  
  138  12:44  Immortal, Probe  
  138  12:49  Observer  
  120  13:01  Archon  
  114  13:07  High Templar x2  
  114  13:08  Zealot x3  
  124  13:15  Probe  
  124  13:16  Probe  
  119  13:20  Probe  
  119  13:23  Immortal  
  119  13:25  High Templar x2  
  122  13:28  Probe x2  
  122  13:32  Assimilator  
  124  13:36  Assimilator  
  124  13:37  High Templar x3  
  124  13:38  Gateway  
  130  13:44  High Templar x2  
  130  13:45  Archon  
  134  13:52  Gateway  
  134  13:57  Gateway, Archon  
  134  14:02  Gateway, Pylon  
  135  14:03  Observer  
  135  14:14  High Templar x4  
  143  14:23  Colossus  
  147  14:33  Observer  
  147  14:34  Archon  
  147  14:42  High Templar x2  
  147  14:43  High Templar  
  152  15:03  Archon  
  152  15:06  Zealot x5  
  162  15:07  Zealot  
  158  15:29  High Templar x2  
  162  15:41  Archon  
  152  15:48  Archon  
  152  15:49  Zealot x2  
  146  15:50  Stalker x3, Zealot  
  146  15:51  Stalker x2  
  146  15:55  Robotics Facility  
  158  16:04  Nexus  
Show
View Real Time Build Order
Export as new Build Order

KingsterD Terran 

Build Orders:  

Get SALT Encoding   

  12  0:00  SCV  
  13  0:12  SCV  
  14  0:18  Supply Depot  
  14  0:24  SCV  
  15  0:30  Refinery  
  15  0:39  SCV  
  16  0:45  Barracks  
  16  0:52  SCV  
  17  1:04  SCV  
  18  1:16  SCV  
  19  1:28  SCV  
  20  1:33  Reaper  
  21  1:40  Orbital Command  
  21  1:48  Command Center  
  21  1:58  Barracks  
  21  2:08  SCV  
  21  2:12  Barracks Reactor  
  21  2:13  Supply Depot  
  22  2:25  SCV  
  22  2:26  Factory  
  23  2:34  Refinery  
  23  2:38  SCV  
  24  2:45  Barracks Tech Lab  
  24  2:50  SCV  
  25  2:59  Marine x2  
  27  3:07  Marine  
  27  3:08  Stimpack, SCV  
  27  3:09  Orbital Command  
  29  3:18  Marine  
  29  3:19  Marine  
  31  3:21  SCV  
  31  3:24  Starport  
  31  3:25  Marine  
  33  3:32  Factory Reactor  
  33  3:33  SCV  
  34  3:35  SCV  
  34  3:36  Marine x2  
  37  3:43  Supply Depot  
  37  3:44  Marine  
  37  3:46  SCV  
  39  3:51  Engineering Bay  
  39  3:54  Marine x2  
  41  3:57  SCV  
  41  4:02  Marine  
  43  4:10  Supply Depot  
  43  4:12  SCV  
  44  4:18  Missile Turret  
  44  4:20  Missile Turret  
  44  4:22  Medivac x2  
  44  4:23  Factory Tech Lab  
  48  4:25  Supply Depot  
  48  4:35  SCV  
  49  4:40  Missile Turret  
  49  4:43  Siege Tank  
  49  4:44  Marine x2  
  54  4:48  Missile Turret  
  54  4:50  SCV  
  54  4:51  SCV  
  56  5:01  Missile Turret  
  56  5:05  Marine x2  
  56  5:07  Marauder, SCV  
  60  5:09  Medivac  
  60  5:10  SCV  
  64  5:21  Refinery, SCV  
  65  5:22  Refinery  
  65  5:23  Marine  
  66  5:35  Marine x2  
  66  5:36  SCV x2  
  58  5:59  Siege Tank  
  58  6:02  Command Center  
  58  6:03  Terran Infantry Weapons Level 1  
  60  6:04  Barracks  
  60  6:05  Engineering Bay  
  58  6:12  Marine  
  58  6:13  Marine  
  58  6:16  Combat Shield  
  58  6:18  SCV x2  
  61  6:20  Barracks  
  62  6:30  Supply Depot, SCV  
  62  6:31  Viking  
  65  6:35  SCV  
  64  6:40  Marine  
  64  6:41  Marine  
  64  6:42  Marauder, SCV  
  66  6:47  SCV  
  62  7:01  Marine x2  
  62  7:02  Marine, SCV  
  62  7:03  Medivac, Marine, Siege Tank  
  72  7:14  SCV  
  73  7:17  SCV  
  74  7:26  SCV  
  74  7:27  Marine  
  74  7:29  Barracks Tech Lab  
  76  7:30  Barracks Reactor  
  76  7:31  Marauder  
  76  7:33  SCV  
  76  7:34  Orbital Command  
  76  7:35  Siege Tank  
  82  7:38  SCV  
  82  7:39  Marine  
  84  7:47  Marine  
  84  7:48  SCV  
  84  7:49  Terran Infantry Armor Level 1  
  86  7:52  Marine  
  86  7:57  Marine  
  88  8:10  Medivac, Siege Tank  
  93  8:15  Armory  
  93  8:17  SCV x2  
  93  8:18  Supply Depot  
  95  8:20  Supply Depot  
  95  8:23  Marine x2  
  95  8:24  Marine x2, Marauder  
  101  8:39  Marauder  
  88  8:41  Medivac x2  
  88  8:42  SCV x2  
  88  8:45  Marauder  
  93  8:49  Marine x4  
  93  8:50  SCV, Siege Tank  
  93  8:54  Supply Depot  
  101  8:56  SCV  
  101  9:00  Marauder  
  101  9:01  Refinery  
  104  9:03  Refinery  
  104  9:04  Terran Infantry Weapons Level 2, SCV  
  104  9:06  Marine  
  104  9:07  Supply Depot  
  106  9:11  SCV  
  106  9:14  Marine  
  108  9:29  Marine x4, Marauder  
  108  9:30  Medivac, Siege Tank  
  108  9:31  SCV x2  
  121  9:32  Marine  
  114  9:47  Marine x4  
  114  9:50  Marine  
  119  9:53  Marine  
  119  9:56  SCV  
  121  10:01  Medivac x2  
  121  10:02  SCV  
  121  10:04  Marine x2  
  121  10:05  Marine x2  
  130  10:08  Marine  
  130  10:10  Marine  
  108  10:22  Marine x2, SCV  
  108  10:25  Terran Infantry Armor Level 2  
  97  10:44  Unknown x3  
  97  10:46  Marine x5, Marauder  
  104  10:58  Medivac x2  
  104  10:59  SCV  
  104  11:04  Marine x4  
  109  11:05  Marauder  
  109  11:06  Siege Tank  
  109  11:07  SCV  
  109  11:08  Marauder  
  120  11:22  Marine x3  
  118  11:25  Marine  
  118  11:26  Marauder  
  118  11:27  SCV  
  118  11:29  Marauder  
  118  11:30  Supply Depot x2  
  124  11:33  Supply Depot  
  124  11:39  Marine x2  
  123  11:40  Marine  
  123  11:43  Marine  
  106  11:47  Marine  
  88  11:57  Marine x2  
  88  11:58  SCV  
  87  12:03  Marine x3  
  87  12:05  Marine  
  87  12:08  Medivac x2, Siege Tank  
  95  12:14  Marine  
  95  12:15  Marine  
  98  12:23  Marine x4  
  102  12:30  Missile Turret x2, SCV x2  
  102  12:32  Marine  
  102  12:33  Marine  
  103  12:41  Marine x4  
  103  12:42  SCV  
  98  12:48  Siege Tank  
  98  12:49  Terran Infantry Weapons Level 3, Terran Infantry Armor Level 3  
  98  12:50  Marine, SCV  
  98  12:51  Marine  
  100  12:59  Marine  
  100  13:00  SCV  
  100  13:04  Marine x3  
  105  13:05  Medivac  
  105  13:06  Medivac  
  105  13:08  Marine x2, Command Center  
  111  13:16  Marine  
  112  13:22  Marine x2  
  112  13:23  Marauder  
  112  13:26  Marine  
  117  13:28  Marine  
  118  13:34  Marine  
  118  13:35  Medivac  
  118  13:36  Medivac  
  118  13:40  Marine x2, Siege Tank  
  128  13:45  Marine, Marauder  
  128  13:46  SCV  
  84  14:21  Marine  
  82  14:33  SCV  
  82  14:35  Marine x3  
  82  14:36  Marine x2  
  87  14:39  Starport  
  85  14:49  Marine  
  86  14:53  Marine x2, SCV x2  
  86  14:54  Marauder  
  63  15:17  Marine x2, Marauder  
  63  15:18  Marine x2, Marauder  
  71  15:34  Marine, Orbital Command  
Tags
 
Add a new tag
Caveats
  • Supply blocks, unpowered buildings, or Contaminate may cause inaccurate times.
  • Supply counts are checked every 10 seconds.